 Dungeon Crawl Stone Soup version 0.24.0-123-gd5b16e6ec5 (webtiles) character file.

Game seed: 16924970021961941227, levelgen mode: deterministic

13933 Goreval the Grappler (level 11, -6/166 HPs)
             Began as a Troll Berserker on Dec 16, 2019.
             Was a High Priest of Trog.
             Mangled by an orc warrior
             ... wielding a +2 trident of venom
              (10 damage)
             ... on level 12 of the Dungeon.
             The game lasted 00:23:58 (12030 turns).

Goreval the Grappler (Troll Berserker)             Turns: 12030, Time: 00:23:59

Health: -6/166     AC:  8    Str: 32    XL:     11   Next: 82%
Magic:  10/10      EV: 13    Int:  3    God:    Trog [*****.]
Gold:   546        SH:  0    Dex: 12    Spells: 10/10 levels left

rFire    + . .     SeeInvis +     - Unarmed
rCold    + + .     Gourm    +   (no shield)
rNeg     . . .     Faith    .   N - +2 robe {rC+ rF+}
rPois    .         Spirit   .   (helmet restricted)
rElec    .         Reflect  .   (no cloak)
rCorr    .         Harm     .   (gloves unavailable)
MR       ++...                  (boots unavailable)
Stlth    ..........             U - amulet of regeneration
HPRegen  2.17/turn              T - ring of protection from cold
MPRegen  0.12/turn              q - ring of see invisible

@: berserking, lethally poisoned (-6 -> -8), regenerating, drained, very quick
A: large, unfitting armour, claws 3, fast metabolism 3, gourmand, regeneration
1, shaggy fur 1, tough skin 3
a: Berserk, Trog's Hand, Brothers in Arms, Renounce Religion


You were on level 12 of the Dungeon.
You worshipped Trog.
Trog was extremely pleased with you.
You were not hungry.

You visited 1 branch of the dungeon, and saw 12 of its levels.
You also visited: Sewer.

You collected 546 gold pieces.

Inventory:

Hand Weapons
 S - a +4 scimitar of flaming
Missiles
 k - 114 poisoned darts
 o - 336 stones (quivered)
 x - 5 datura-tipped darts
 F - 4 curare-tipped darts
 V - 2 throwing nets
 Z - 4 large rocks
Armour
 z - a +0 large shield
 N - a +2 robe of resistance (worn)
Jewellery
 h - an uncursed ring of flight
 q - a ring of see invisible (right claw)
 v - a +1 ring of protection
 T - a ring of protection from cold (left claw)
 U - an amulet of regeneration (around neck)
 W - an uncursed ring of ice
Wands
 p - a wand of paralysis (10)
 y - a wand of flame (53)
 Q - a wand of enslavement (10)
 R - a wand of disintegration (15)
Scrolls
 c - 2 scrolls of noise {unknown}
 i - 3 scrolls of fog
 j - 7 scrolls of teleportation
 n - 7 scrolls of blinking
 r - 8 scrolls of remove curse
 A - a scroll of amnesia
 B - a scroll of magic mapping
 D - a scroll of enchant armour {unknown}
 O - a scroll of enchant weapon {unknown}
 X - a scroll of fear {unknown}
 Y - a scroll of immolation
Potions
 e - 2 potions of curing
 g - a potion of ambrosia
 l - 2 potions of cancellation
 m - a potion of mutation
 s - 2 potions of invisibility
 t - 3 potions of flight
 w - 4 potions of heal wounds
 C - 4 potions of resistance
 E - a potion of brilliance
 G - 2 potions of magic
 H - a potion of haste
 J - a potion of berserk rage
 K - 5 potions of agility {unknown}
 M - a potion of might {unknown}
 P - 2 potions of lignification
Comestibles
 b - 23 rations


   Skills:
 + Level 8.2(7.2) Fighting
 + Level 2.9(2.0) Throwing
 + Level 8.1(7.2) Dodging
 - Level 3.6(2.7) Shields
 * Level 13.0(11.9) Unarmed Combat


You had 10 spell levels left.
You didn't know any spells.
Your spell library was empty.

Dungeon Overview and Level Annotations

Branches:
Dungeon (12/15)            Temple (0/1) D:4            Lair (0/6) D:11
    Orc (0/2) D:12          Sewer (visited)

Altars:
Fedhas
Gozag
Hepliaklqana
Makhleb
Okawaru
Qazlal
Ru
Sif Muna
Xom
Yredelemnul
Zin

Shops:
D:6 [   D:11 [

Annotations:
D:10 3 runed translucent doors, VanClaymore's ghost, journeyman TrHu


Innate Abilities, Weirdness & Mutations

You are too large for most types of armour.
You have claws for hands.
Your metabolism is lightning-fast.
You like to eat raw meat.
Your natural rate of healing is unusually fast.
You are covered in fur. (AC +1)
You have extremely tough skin. (AC +3)


Message History

You feel sick.
Nessos unwields a +3 longbow of flaming.
It stops flaming.
Nessos misses you.
You see here an arrow.
You mangle Nessos!!
You feel sick. Nessos hits you.
* * * LOW HITPOINT WARNING * * *
You claw Nessos!
You kill Nessos!
Trog accepts your kill.
Trog appreciates your killing of a magic user.
Your base Unarmed Combat skill increases to level 13!
You feel sick. The orc barely misses you.
The orc warrior hits you from afar with a +2 trident of venom!!
* * * LOW HITPOINT WARNING * * *
Unknown command.
You barely miss the orc.
You feel sick.
You closely miss the orc. You claw the orc.
You feel sick. The orc closely misses you.
The orc warrior hits you from afar with a +2 trident of venom!
You die...

.................####
....................#
.#.##...#.......#[..#
,,,*###...#....#...##
**,* #..##....##..##
,,,***#.##......#...#
,,,,,,#.............#
,,*,,,.........oo...#
,,,,,,.....(.ยง##@####
8,,*,,......(..#o#
,,,***#........o##
,,,,,*,...##.(###***
,,,,**.....(.[#* *,**
,,,,,,.....(...***,,**
,,,,,,....(.(...,,,,,**
,,,,,,...........,,,,,*
,,,,,,..(.........,,,,*


You could see an orc warrior and 3 orcs.

Vanquished Creatures
  Nessos (D:12)
  Fannar (D:10)
  Harold (D:10)
  Nergalle (D:10)
  An unseen horror (D:11)
  Pikel (D:6)
  A wolf spider zombie (D:11)
  2 ugly things
  A cyclops (D:11)
  A gargoyle (D:11)
  A troll (D:10)
  A hippogriff (D:10)
  13 yaks
  A spriggan (D:7)
  A basilisk (D:11)
  2 wyverns
  A hungry ghost (D:10)
  A steam dragon (D:10)
  A soldier ant (D:10)
  Duvessa (D:6)
  2 porcupines (D:11)
  4 orc warriors
  3 ice beasts
  A slave (D:6)
  2 black bears
  2 sky beasts
  A phantom (D:10)
  A necrophage (D:10)
  5 ogres
  2 centaurs
  3 crocodiles (D:11)
  4 big kobolds
  Dowan (D:6)
  A gnoll sergeant (D:9)
  6 scorpions
  11 wights
  2 howler monkeys
  2 bullfrog zombies (D:12)
  3 crimson imps
  A jelly (D:6)
  5 bullfrog skeletons
  6 orc priests
  A gnoll shaman (D:4)
  3 hounds
  6 orc wizards
  5 iguanas
  3 worker ants
  3 hound zombies
  21 adders
  11 gnolls
  4 shadow imps
  An adder skeleton (D:7)
  4 worms
  A dart slug (D:1)
  4 leopard geckos
  37 orcs
  5 bats
  8 giant cockroaches
  5 goblins
  4 hobgoblins
  21 jackals
  36 kobolds
  3 quokkas
  3 ball pythons
  A ball python skeleton (D:4)
  11 frilled lizards
  2 leopard gecko skeletons
  A leopard gecko zombie (D:5)
  8 rats
  A spectral orc (D:5)
  3 plants (Sewer)
318 creatures vanquished.

Vanquished Creatures (collateral kills)
  Erica (D:9)
1 creature vanquished.

Vanquished Creatures (others)
  A bush (D:11)
  2 fungi (D:11)
  10 plants (D:11)
13 creatures vanquished.

Grand Total: 332 creatures vanquished

Notes
Turn   | Place    | Note
-------+----------+-------------------------------------------
     0 | D:1      | Goreval the Troll Berserker began the quest for the Orb.
     0 | D:1      | Reached XP level 1. HP: 22/22 MP: 0/0
   119 | D:1      | Reached XP level 2. HP: 29/29 MP: 1/1
   939 | D:2      | Reached XP level 3. HP: 32/36 MP: 2/2
  1206 | D:2      | Reached ** piety under Trog
  1321 | D:2      | Reached skill level 4 in Unarmed Combat
  1792 | D:3      | Reached XP level 4. HP: 33/44 MP: 3/3
  2100 | D:3      | Reached XP level 5. HP: 53/53 MP: 4/4
  2869 | D:4      | Found a staircase to the Ecumenical Temple.
  2923 | D:4      | Reached skill level 5 in Unarmed Combat
  3038 | D:4      | Reached XP level 6. HP: 55/61 MP: 5/5
  3042 | D:4      | Reached skill level 1 in Shields
  3142 | D:4      | Reached *** piety under Trog
  3235 | D:4      | Found a shimmering blue altar of Sif Muna.
  3356 | D:4      | Found a stormy altar of Qazlal.
  3805 | D:5      | Entered Level 5 of the Dungeon
  3837 | D:5      | Found a basalt altar of Yredelemnul.
  3841 | D:5      | Reached XP level 7. HP: 67/68 MP: 6/6
  3926 | D:5      | Reached skill level 6 in Unarmed Combat
  3993 | D:5      | Found a glowing drain.
  4016 | Sewer    | Entered a sewer
  5314 | D:5      | Reached XP level 8. HP: 55/78 MP: 7/7
  5720 | D:6      | Noticed Pikel
  5750 | D:6      | Killed Pikel
  5750 | D:6      | Reached **** piety under Trog
  5750 | D:6      | Reached skill level 7 in Unarmed Combat
  6077 | D:6      | Noticed Dowan
  6078 | D:6      | Noticed Duvessa
  6100 | D:6      | Killed Duvessa
  6100 | D:6      | Reached skill level 8 in Unarmed Combat
  6104 | D:6      | Reached skill level 5 in Fighting
  6104 | D:6      | Reached skill level 5 in Dodging
  6105 | D:6      | Killed Dowan
  6233 | D:6      | Reached XP level 9. HP: 88/88 MP: 8/8
  6355 | D:6      | Found Uzuaz's Antique Armour Shop.
  6612 | D:7      | Found a hazy altar of Hepliaklqana.
  6726 | D:7      | Found an iron altar of Okawaru.
  6734 | D:7      | Found a sacrificial altar of Ru.
  6786 | D:7      | Found a burning altar of Makhleb.
  6787 | D:7      | Noticed a balrug
  6852 | D:7      | Found an opulent altar of Gozag.
  7040 | D:7      | Found a glowing silver altar of Zin.
  7040 | D:7      | Noticed an angel
  7082 | D:7      | Found a blossoming altar of Fedhas.
  7213 | D:7      | Found a shimmering altar of Xom.
  7471 | D:7      | Reached skill level 9 in Unarmed Combat
  8161 | D:8      | Found a shimmering blue altar of Sif Muna.
  8663 | D:9      | Noticed Erica
  8692 | D:9      | Killed Erica
  8897 | D:9      | Reached skill level 10 in Unarmed Combat
  9376 | D:10     | Entered Level 10 of the Dungeon
  9376 | D:10     | Noticed a troll
  9380 | D:10     | Killed a troll
  9380 | D:10     | Reached XP level 10. HP: 87/98 MP: 9/9
  9674 | D:10     | Noticed Nergalle
  9685 | D:10     | Killed Nergalle
  9757 | D:10     | Reached skill level 11 in Unarmed Combat
  9768 | D:10     | Found a runed translucent gate.
  9768 | D:10     | Found a runed translucent gate.
  9768 | D:10     | Found a runed translucent gate.
  9934 | D:10     | Noticed VanClaymore's ghost (journeyman TrHu)
 10023 | D:10     | Noticed Harold
 10033 | D:10     | Killed Harold
 10136 | D:10     | Noticed Fannar
 10176 | D:10     | Killed Fannar
 10415 | D:11     | Reached XP level 11. HP: 109/109 MP: 10/10
 10428 | D:11     | Reached ***** piety under Trog
 10431 | D:11     | Noticed an unseen horror
 10434 | D:10     | Reached skill level 12 in Unarmed Combat
 10550 | D:11     | Killed an unseen horror
 10718 | D:11     | Found a staircase to the Lair.
 10749 | D:11     | Noticed a cyan ugly thing
 10763 | D:11     | Killed a cyan ugly thing
 10763 | D:11     | Reached skill level 1 in Throwing
 11407 | D:11     | Found Ifeur's Antique Armour Boutique.
 11528 | D:12     | Noticed a cyan ugly thing
 11543 | D:12     | HP: 3/166 [cyan ugly thing (15)]
 11544 | D:12     | Killed a cyan ugly thing
 12005 | D:12     | Noticed Nessos
 12028 | D:12     | Killed Nessos
 12028 | D:12     | Reached skill level 13 in Unarmed Combat
 12028 | D:12     | HP: 5/166 [orc warrior/+2 trident of venom (19)]
 12030 | D:12     | Mangled by an orc warrior

Levels and vault maps discovered:
D:1:      sevenhm_arrival_forest_fort_large_3, layout_loops_ring, st_stairs_13,
          minmay_pentomino_w2
D:2:      layout_basic
D:3:      layout_basic, serial_bayou_crossing
D:4:      layout_basic, kennysheep_mini, lemuel_blue_sif_altar,
          minmay_temple_entry_statues_pillars
D:5:      layout_loops_ring, yredelemnul_forgotten_temple_becter,
          gup_sewer_entry_pipe, first_ration
D:6:      layout_loops_corners, serial_shops, nicolae_shop_trees, uniq_duvessa,
          uniq_pikel
D:7:      layout_basic, grunt_temple_overflow_order_and_chaos_2,
          okawaru_trees_1, chequers_temple_overflow_statue_of_worship,
          grunt_gozag_breadcrumbs, lemuel_crystal_altar, the_bakery,
          minmay_ruined_shrine
D:8:      layout_basic, basic_altar
D:9:      layout_irregular_city, uniq_erica
D:10:     layout_rooms, gammafunk_ghost_spectres, uniq_nergalle, uniq_fannar,
          uniq_harold
D:11:     layout_rooms, minmay_lair_entry_grove, serial_shops, shop,
          eino_tiny_chamber, mrwooster_statue_mirror
D:12:     layout_cave_pools, orc_david_3, serial_park, serial_park_gazebo
          [serial_park_minivault_5x5_8], serial_park_paths
          [serial_park_minivault_5x5_1], serial_park_tiny_1,
          serial_park_tiny_pond, hangedman_tell_no_tales, uniq_nessos

Skill      XL: |  1  2  3  4  5  6  7  8  9 10 11 |
---------------+----------------------------------+-----
Unarmed Combat | 4 5 6 8 10 11 13 | 13.0
Fighting       | 3 4 5 6 7 8 |  8.2
Dodging        | 3 4 5 6 7 8 |  8.1
Shields        | 1 2 3 |  3.6
Throwing       | 2 |  2.9

Action                   |  1- 3 |  4- 6 |  7- 9 | 10-12 || total
-------------------------+-------+-------+-------+-------++-------
Melee: Unarmed           |    96 |   107 |   325 |   282 ||   810
       Punch             |     1 |     2 |    13 |    19 ||    35
Throw: Stone             |    32 |    93 |   160 |    89 ||   374
       Dart              |    24 |       |       |       ||    24
Invok: Berserk           |       |     2 |     4 |     9 ||    15
       Brothers in Arms  |       |       |     2 |     2 ||     4
       Trog's Hand       |       |       |     1 |     1 ||     2
  Use: Scroll            |       |       |       |    22 ||    22
       Potion            |       |       |       |     3 ||     3
  Eat: Chunk             |    20 |    22 |    54 |    35 ||   131
Armor: Animal skin       |    31 |    32 |    43 |       ||   106
       Robe              |       |       |    24 |    64 ||    88
Dodge: Dodged            |    41 |    48 |   127 |   175 ||   391
